 Dungeon Crawl Stone Soup version 0.13.0-19-g8e0b589 (webtiles) character file.

133 Malachi the Skirmisher (level 3, -3/30 HPs)
             Began as a Mummy Fighter on Oct 24, 2013.
             Slain by Crazy Yiuf
             ... wielding a +4,+4 quarterstaff of chaos
              (9 damage)
             ... while paralysed by Crazy Yiuf
             ... on Level 2 of the Dungeon.
             The game lasted 00:01:39 (1267 turns).

Malachi the Skirmisher (Mummy Fighter)              Turns: 1267, Time: 00:01:40

HP  -3/30        AC 10     Str 20      XL: 3   Next: 58%
MP   2/2         EV  2     Int  7      God:
Gold 82          SH  0     Dex 11      Spells:  0 memorised,  2 levels left

Res.Fire  : x . .   See Invis. : .   f - +1,+3 whip (venom)
Res.Cold  : + . .   Warding    : .   b - +0 scale mail
Life Prot.: + + +   Conserve   : .   c - +0 shield
Res.Poison: +       Res.Corr.  : .   h - +0 helmet
Res.Elec. : .       Clarity    : .   (no cloak)
Sust.Abil.: . .     Spirit.Shd : .   (no gloves)
Res.Mut.  : .       Stasis     : .   (no boots)
Res.Rott. : +       Flight     : .   (no amulet)
Saprovore : . . .                    g - +3 ring of protection
                                     e - ring of invisibility

@: paralysed, slowed, slightly resistant to hostile enchantments, extremely
unstealthy
A: no food or potions, fire vulnerability, restore body, cold resistance 1, life
protection 3, poison resistance, torment resistance, unbreathing
a: Evoke Invisibility


You were on level 2 of the Dungeon.
You were not hungry.

You visited 1 branch of the dungeon, and saw 2 of its levels.

You collected 62 gold pieces.

Inventory:

Hand weapons
 a - a +0,+0 mace
 f - a +1,+3 whip of venom (weapon)
Armour
 b - a +0 scale mail (worn)
 c - a +0 shield (worn)
 h - a +0 helmet (worn)
Scrolls
 d - a scroll of fear {unknown}
 i - a scroll of identify {unknown}
 j - a scroll of enchant weapon II {unknown}
Jewellery
 e - a ring of invisibility (left hand)
 g - a +3 ring of protection (right hand)


   Skills:
 - Level 3.0 Fighting
 * Level 3.0 Maces & Flails
 - Level 2.4 Armour
 + Level 0.5 Stealth
 - Level 2.5 Shields


You had 2 spell levels left.
You didn't know any spells.

Dungeon Overview and Level Annotations

Branches:
Dungeon (2/27)

Altars:

Annotations:
D:2 Crazy Yiuf


Innate Abilities, Weirdness & Mutations

You do not eat or drink.
Your flesh is vulnerable to fire.
Your flesh is cold resistant.
You are immune to negative energy.
Your system is resistant to poisons.
You are immune to unholy pain and torment.
You can survive without breathing.


Message History

Crazy Yiuf is heavily wounded.
You closely miss Crazy Yiuf.
Crazy Yiuf is heavily wounded.
Crazy Yiuf hits you with a quarterstaff of chaos.
You feel yourself slow down.
You hit Crazy Yiuf but do no damage.
Crazy Yiuf is poisoned.
Crazy Yiuf is heavily wounded.
Crazy Yiuf hits you with a quarterstaff of chaos.
Crazy Yiuf whimpers, "Candle!
Key action tired."
You block Crazy Yiuf's attack.
You hit Crazy Yiuf but do no damage.
Crazy Yiuf looks even sicker.
Crazy Yiuf is heavily wounded.
Crazy Yiuf hits you with a quarterstaff of chaos.
* * * LOW HITPOINT WARNING * * *
You are too injured to fight recklessly!
You barely miss Crazy Yiuf.
Crazy Yiuf is severely wounded.
Crazy Yiuf hits you but does no damage.
You suddenly lose the ability to move!
Crazy Yiuf hits you with a quarterstaff of chaos!
You die...

#....#
#....#########
+....'........
#....#########
####.# #.#
#######.##
###.#.f...!#
#g@#..f....#
#.....####f.....#
#)..# ##....##
### ######


You could see Crazy Yiuf.

Vanquished Creatures
  Jessica (D:2)
  Terence (D:2)
  An ooze (D:1)
  A ball python (D:1)
  5 bats (D:1)
  A giant cockroach (D:1)
  2 hobgoblins (D:1)
  A giant newt (D:2)
  5 goblins (D:1)
  3 kobolds (D:1)
  2 rats
23 creatures vanquished.

Notes
Turn   | Place    | Note
--------------------------------------------------------------
     0 | D:1      | Malachi, the Mummy Fighter, began the quest for the Orb.
     0 | D:1      | Reached XP level 1. HP: 18/18 MP: 0/0
   340 | D:1      | Reached XP level 2. HP: 22/24 MP: 1/1
  1195 | D:2      | Noticed Jessica
  1199 | D:2      | Killed Jessica
  1199 | D:2      | Reached XP level 3. HP: 26/30 MP: 2/2
  1250 | D:2      | Noticed Terence
  1254 | D:2      | Noticed Crazy Yiuf
  1259 | D:2      | Killed Terence
  1266 | D:2      | Paralysed by Crazy Yiuf for 5 turns
  1267 | D:2      | Slain by Crazy Yiuf

Action                   || total
-------------------------++-------
Melee: Mace              ||    27
       Whip              ||    45
